 Dungeon Crawl Stone Soup version 0.29-a0-817-g9904bce7a6 (webtiles) character file.

Game seed: 17055097707013694188

3 LynnLen the Sneak (level 1, -3/10 HPs)
             Began as a Vampire Enchanter on July 6, 2022.
             Slain by a goblin
             ... wielding a +0 club
              (4 damage)
             ... on level 1 of the Dungeon.
             The game lasted 00:00:34 (170 turns).

LynnLen the Sneak (Vampire Enchanter)                Turns: 170, Time: 00:00:34

Health: -3/10      AC:  2    Str:  7    XL:     1   Next: 41%
Magic:  3/3        EV: 12    Int: 17    God:
Gold:   0          SH:  0    Dex: 14    Spells: 4/4 levels left

rFire   . . .      SeeInvis +   a - +1 dagger
rCold   + + .      Faith    .   (no shield)
rNeg    + + +      Spirit   .   b - +0 robe
rPois   ∞          Reflect  .   (no helmet)
rElec   .          Harm     .   (no cloak)
rCorr   .          Rampage  .   (no gloves)
Will    .....                   (no boots)
Stlth   +++++.....              (no amulet)
HPRegen 0.00/turn               (no ring)
MPRegen 0.08/turn               (no ring)

@: bloodless, inhibited regen
A: bloodless, fangs 3, see invisible, vampiric 1
a: Revivify


You were on level 1 of the Dungeon.
You visited 1 branch of the dungeon, and saw 1 of its levels.

Inventory:

Hand Weapons
 a - a +1 dagger (weapon)
Armour
 b - a +0 robe (worn)
Potions
 c - 2 potions of invisibility
 d - a potion of ambrosia {unknown}


   Skills:
 + Level 1.1 Short Blades
 + Level 2.1 Dodging
 * Level 4.6 Stealth
 * Level 2.0 Spellcasting
 + Level 4.4 Hexes


You had 4 spell levels left.
You didn't know any spells.
Your spell library contained the following spells:

 Spells                   Type           Power      Damage    Failure   Level
 Confusing Touch          Hex            17%        N/A       9%          3
 Tukima's Dance           Hex            17%        N/A       9%          3
 Ensorcelled Hibernation  Hex/Ice        18%        N/A       12%         2
 Dazzling Flash           Conj/Hex       18%        N/A       22%         3


Dungeon Overview and Level Annotations

Branches:
Dungeon (1/15)

Altars:


Innate Abilities, Weirdness & Mutations

You do not regenerate when monsters are visible.
You are frail without blood (-20% HP).
You can heal yourself when you bite living creatures.
You are immune to poison.
You have razor-sharp teeth.
You have supernaturally acute eyesight. (SInv)
You are afflicted with vampirism.


Message History

Things that are here:
a +0 dagger; a goblin corpse You begin bloodletting.
You continue bloodletting. x5
You become bloodless.
You start resting.
HP restored.
A rat comes into view.
Found 2 stones.
A rat is nearby! 2 bats come into view.
The helpless rat fails to defend itself.
You bite the rat, and draw its blood! You impale the rat!!
You kill the rat!
The helpless bat fails to defend itself.
You bite the bat, and draw its blood! You impale the bat!!
You kill the bat!
The helpless bat fails to defend itself.
You bite the bat, and draw its blood! You puncture the bat!
You kill the bat!
You see here 2 stones.
d - a yellow potion A rat comes into view.
A rat is nearby!
A goblin comes into view. It is wielding a +0 club.
The goblin barely misses you.
You closely miss the rat. The rat bites you but does no damage.
The goblin hits you with a +0 club.
You closely miss the rat. The goblin hits you with a +0 club.
The rat barely misses you.
You hit the goblin.
The goblin is moderately wounded.
The goblin hits you with a +0 club.
* * * LOW HITPOINT WARNING * * *
The rat barely misses you.
You hit the goblin but do no damage. Your bite misses the goblin.
The goblin is moderately wounded.
The goblin hits you but does no damage. The rat bites you.
* * * LOW HITPOINT WARNING * * *
The goblin hits you with a +0 club.
You die...

#..≈≈≈≈≈≈≈≈.#
###.≈≈≈≈≈≈≈..##
#.#≈.≈≈≈≈.≈...#
#...≈≈≈≈≈≈.#.##
#...≈.≈.≈≈.##.#
##.#...≈.≈≈...##
#...#...#...(..##
##..#.#.##...#..#
###@##.#.###.##.#
#.g.##.##..####.#
##r.#### #... #†#
#### #..#### ....
###


You could see a goblin and a rat.

Vanquished Creatures
  2 bats (D:1)
  A goblin (D:1)
  A rat (D:1)
4 creatures vanquished.

Notes
Turn   | Place    | Note
-------+----------+-------------------------------------------
     0 | D:1      | LynnLen the Vampire Enchanter began the quest for the Orb.
     0 | D:1      | Reached XP level 1. HP: 13/13 MP: 3/3
   170 | D:1      | Slain by a goblin

Illustrated notes

Levels and vault maps discovered:
D:1:      dpeg_arrival_subterranean_lakeside_camping, layout_basic

Action                   || total
-------------------------++-------
Melee: Dagger            ||    13
 Abil: Exsanguinate      ||     2
 Stab: Sleeping          ||     3
Armor: Robe              ||     3
Dodge: Dodged            ||     5

Table legend: (Time is in decaauts)
 A = Elapsed time spent in this place.
 B = Non-inter-level travel time spent in this place.
 C = Inter-level travel time spent in this place.
 D = Time resting spent in this place.
 E = Time spent auto-exploring this place.
 F = Levels seen in this place.
 G = Mean time per level.
                   A        B        C        D        E       F      G
               +--------+--------+--------+--------+--------+-----+--------+
         Total |    169 |    169 |      0 |    105 |     28 |   1 |  169.0 |
       Dungeon |    169 |    169 |      0 |    105 |     28 |   1 |  169.0 |
               +--------+--------+--------+--------+--------+-----+--------+

Top non-repeatable levels by time:
     D:1: 169 daAuts
